 Dungeon Sprint DCSS version 0.31-a0-691-g409c26aa35 (webtiles) character file.

Game seed: 18192110461792104398

7233 rocky1 the Black Belt (level 11, -6/86 HPs)
             Began as a Djinni Shapeshifter on Sept 6, 2023.
             Was an Initiate of Gozag.
             Mangled by a tyrant leech (29 damage)
             ... in the Dungeon (Sprint IX: "|||||||||||||||||||||||||||||").
             The game lasted 00:06:20 (2254 turns).

rocky1 the Black Belt (Djinni Shapeshifter)         Turns: 2254, Time: 00:06:20

Health: -6/86      AC:  3    Str: 15    XL:     11   Next: 33%
Gold:   2619       EV: 19    Int: 15    God:    Gozag SH:  0 Dex: 15

rFire   + +          .
                       - Unarmed
rCold   x . .        (no shield)
rNeg    . . .        t - +0 leather armour
rPois   ∞            (helmet currently unavailable)
rElec   .            (cloak currently unavailable)
rCorr   .            (gloves currently unavailable)
SInv    .            (boots unavailable)
Will    +....        n - amulet of the acrobat
Stlth   ++           l - +2 ring of evasion
HPRegen 0.34/turn    m - +3 ring of intelligence
MPRegen 0.00/turn

%: no teleportation, acrobat, infuse magic (-7 HP)
@: mighty, brilliant, beast-form, gold aura, flying
A: beast (slay +4), flying, sickness immunity, fire resistance 2, cold
vulnerability 1, float, innate caster, HP casting, extra vitality 1
a: Begin Untransformation, Renounce Religion, Potion Petition, Call Merchant,
Bribe Branch


You were in the Dungeon.
You worshipped Gozag.
Gozag was most pleased with you.
You were a hulking beast.
You visited 1 branch You collected 3159 gold pieces.
You paid 540 gold pieces to Gozag.

Inventory:

Armour
 k - a +0 plate armour of ponderousness
 t - a +0 leather armour (worn)
Jewellery
 l - a +2 ring of evasion (left hand)
 m - a +3 ring of intelligence (right hand)
 n - an amulet of the acrobat (around neck)
Talismans
 c - a beast talisman (active)
 d - a flux talisman
Wands
 o - a wand of charming (9)
Scrolls
 i - a scroll of blinking
 p - a scroll of fear
 q - 2 scrolls of enchant weapon
 r - a scroll of fog
 s - a scroll of identify
Potions
 b - a potion of invisibility
 e - 5 potions of curing
 h - 4 potions of brilliance
 j - a potion of might


   Skills:
 * Level 10.3 Fighting
 + Level 3.4 Armour
 + Level 10.5 Dodging
 - Level 2.6 Stealth
 + Level 17.6 Unarmed Combat
 * Level 5.3 Spellcasting
 * Level 5.3 Conjurations
 * Level 5.3 Hexes
 * Level 5.3 Summonings
 * Level 5.3 Necromancy
 * Level 5.3 Translocations
 * Level 5.3 Transmutations
 * Level 5.3 Fire Magic
 * Level 5.3 Ice Magic
 * Level 5.3 Air Magic
 * Level 5.3 Earth Magic
 * Level 5.3 Poison Magic
 - Level 2.1 Evocations
 * Level 10.0 Shapeshifting


You knew the following spells:

 Your Spells              Type           Power      Damage    Failure   Level
a - Sting                 Tmut/Pois      100%       1d8       2%          1
b - Momentum Strike       Conj/Tloc      60%        3d9       3%          2
c - Hailstorm             Conj/Ice       30%        3d8       6%          3
d - Stone Arrow           Conj/Erth      60%        3d10      6%          3
e - Yara's Violent Unrav  Hex/Tmut       15%        3d8       52%         5
Your spell library was empty.

Dungeon Overview and Level Annotations

Branches:
Dungeon (1/1)

Altars:
Cheibriados
Dithmenos
Elyvilon
Fedhas
Gozag
Hepliaklqana
Makhleb
Nemelex Xobeh
Okawaru
Qazlal
Ru
Trog
Uskayaw
Wu Jian
Xom
Yredelemnul
Zin
The Shining One
Jiyva
Lugonu


Innate Abilities, Weirdness & Mutations

You are a hulking beast.
Your limbs bulge with bestial killing power. (Slay +4)
You are flying.
You are immune to sickness and miasma.
You are immune to poison.
Your flesh is very heat resistant. (rF++)
You are vulnerable to cold. (rC-)
You float through the air rather than walking.
You learn spells naturally, not from books.
Your magical power is your life essence.
You have superior vitality. (+4 MHP)


Message History

Unknown command.
You pummel the tyrant leech!!
The tyrant leech is severely wounded.
You punch the tyrant leech!
The tyrant leech is almost dead.
The tyrant leech closely misses you.
You pummel the tyrant leech!!
You kill the tyrant leech!
Your Shapeshifting skill increases to level 10!
Unknown command.
The tyrant leech completely misses you.
There is an open door to Lair:5 here.
You see here 198 gold pieces.
You completely miss the tyrant leech. The tyrant leech barely misses you.
You punch the tyrant leech!
The tyrant leech is moderately wounded.
You hit the tyrant leech.
The tyrant leech is moderately wounded.
The tyrant leech bites you but does no damage.
You punch the tyrant leech!
The tyrant leech is heavily wounded.
You punch the tyrant leech! Your punch misses the tyrant leech.
The tyrant leech is almost dead.
The tyrant leech bites you!!
The tyrant leech is distracted by your dazzling golden aura.
You punch the tyrant leech!
You kill the tyrant leech!
The tyrant leech barely misses you.
You see here 135 gold pieces.
You pummel the tyrant leech!!
The tyrant leech is moderately wounded.
The tyrant leech bites you!!
* * * LOW HITPOINT WARNING * * *
You barely miss the tyrant leech.
The tyrant leech is moderately wounded.
You feel much better.
The lindwurm is distracted by your dazzling golden aura.
The tyrant leech bites you!!
You die...
Your body crumbles into a pile of gold.

▓▓▓▓▓▓▓▓▓▓▓▓▓▓▓▓▓▓▓▓▓▓▓▓▓▓▓▓▓▓▓▓▓
_______________'!?).[[...'..))..'
▓▓▓▓▓▓▓▓▓▓▓▓▓▓▓▓▓▓▓▓▓▓▓▓▓▓▓▓▓▓▓▓▓
.................................
▓▓▓▓▓▓▓▓▓▓▓▓▓▓▓▓▓▓▓▓▓▓▓▓▓▓▓▓▓▓▓▓▓
.....'.........$hwwkw...
▓▓▓▓▓▓▓▓▓▓▓▓▓▓▓▓▓▓▓▓▓▓▓▓


You could see 2 tyrant leeches, a lindwurm (unaware) and a worm.

Vanquished Creatures
  A hydra (D)
  A two-headed ogre (D)
  A death yak (D)
  A lindwurm (D)
  A harpy (shapeshifter) (D)
  3 cane toads (D)
  4 komodo dragons (D)
  A meliai (D)
  A polar bear (D)
  2 tyrant leeches (D)
  A dream sheep (D)
  A slime creature (D)
  A shadow (D)
  4 yaks (D)
  A vampire mosquito (D)
  An acid dragon (D)
  An orc warrior (D)
  A black bear (D)
  An ogre (D)
  2 bullfrogs (D)
  2 scorpions (D)
  A killer bee (D)
  A howler monkey (D)
  A hound (D)
  An iguana (D)
  A bat (D)
  A giant cockroach (D)
  3 kobolds (D)
41 creatures vanquished.

Vanquished Creatures (others)
  A polar bear (D)
1 creature vanquished.

Grand Total: 42 creatures vanquished

Notes
Turn   | Place    | Note
-------+----------+-------------------------------------------
     0 | D        | rocky1 the Djinni Shapeshifter began the quest for the Orb.
     0 | D        | Reached XP level 1. HP: 17/17 MP: 0/0
   150 | D        | Noticed a howler monkey
   150 | D        | Noticed an iguana
   150 | D        | Noticed a scorpion
   150 | D        | Noticed an ogre
   150 | D        | Noticed a hound
   155 | D        | Killed a howler monkey
   156 | D        | Reached skill level 5 in Unarmed Combat
   156 | D        | Reached XP level 2. HP: 22/22 MP: 0/0
   156 | D        | Reached XP level 3. HP: 27/27 MP: 0/0
   156 | D        | Learned a level 1 spell: Sting
   158 | D        | Reached skill level 5 in Shapeshifting
   158 | D        | Reached XP level 4. HP: 33/33 MP: 0/0
   165 | D        | Killed a scorpion
   166 | D        | Reached skill level 7 in Unarmed Combat
   166 | D        | Reached XP level 5. HP: 38/38 MP: 0/0
   166 | D        | Learned a level 2 spell: Momentum Strike
   170 | D        | Killed an ogre
   171 | D        | Reached skill level 8 in Unarmed Combat
   171 | D        | Reached XP level 6. HP: 18/44 MP: 0/0
   624 | D        | Found a snail-covered altar of Cheibriados.
   624 | D        | Found a shadowy altar of Dithmenos.
   624 | D        | Found a white marble altar of Elyvilon.
   624 | D        | Found a blossoming altar of Fedhas.
   624 | D        | Found an opulent altar of Gozag.
   625 | D        | Found a hazy altar of Hepliaklqana.
   626 | D        | Found a viscous altar of Jiyva.
   628 | D        | Found a corrupted altar of Lugonu.
   629 | D        | Found a burning altar of Makhleb.
   630 | D        | Found a sparkling altar of Nemelex Xobeh.
   631 | D        | Found an iron altar of Okawaru.
   632 | D        | Became a worshipper of Gozag Ym Sagoz the Greedy
   633 | D        | Found a stormy altar of Qazlal.
   634 | D        | Found a sacrificial altar of Ru.
   636 | D        | Found a bloodstained altar of Trog.
   637 | D        | Found a hide-covered altar of Uskayaw.
   639 | D        | Found an ornate altar of the Wu Jian Council.
   640 | D        | Found a shimmering altar of Xom.
   641 | D        | Found a basalt altar of Yredelemnul.
   642 | D        | Found a glowing silver altar of Zin.
   643 | D        | Found a glowing golden altar of the Shining One.
   694 | D        | Noticed a yak
   694 | D        | Noticed a yak
   694 | D        | Noticed a yak
   694 | D        | Noticed a two-headed ogre
   694 | D        | Noticed an orc warrior
   703 | D        | Killed a yak
   704 | D        | Reached skill level 5 in Dodging
   704 | D        | Reached skill level 9 in Unarmed Combat
   704 | D        | Reached XP level 7. HP: 28/50 MP: 0/0
   704 | D        | Learned a level 3 spell: Hailstorm
   712 | D        | Killed a yak
   713 | D        | Reached skill level 1 in Stealth
   713 | D        | Reached skill level 10 in Unarmed Combat
   714 | D        | Killed a yak
   715 | D        | Reached skill level 11 in Unarmed Combat
   716 | D        | Reached skill level 1 in Evocations
   716 | D        | Reached XP level 8. HP: 46/58 MP: 0/0
   720 | D        | Killed a two-headed ogre
   721 | D        | Reached skill level 13 in Unarmed Combat
   721 | D        | Reached XP level 9. HP: 50/62 MP: 0/0
   721 | D        | Learned a level 3 spell: Stone Arrow
   963 | D        | Noticed a harpy
   963 | D        | Noticed a meliai
   967 | D        | Reached skill level 1 in Spellcasting
   967 | D        | Reached skill level 1 in Conjurations
   967 | D        | Reached skill level 1 in Hexes
   967 | D        | Reached skill level 1 in Summonings
   967 | D        | Reached skill level 1 in Necromancy
   967 | D        | Reached skill level 1 in Translocations
   967 | D        | Reached skill level 1 in Transmutations
   967 | D        | Reached skill level 1 in Fire Magic
   967 | D        | Reached skill level 1 in Ice Magic
   967 | D        | Reached skill level 1 in Air Magic
   967 | D        | Reached skill level 1 in Earth Magic
   967 | D        | Reached skill level 1 in Poison Magic
   969 | D        | Reached skill level 5 in Fighting
   974 | D        | Reached skill level 14 in Unarmed Combat
   979 | D        | Killed a harpy
   981 | D        | Killed a meliai
  1148 | D        | Noticed a polar bear
  1148 | D        | Noticed a cane toad
  1148 | D        | Noticed a komodo dragon
  1153 | D        | Noticed a komodo dragon
  1154 | D        | Noticed a cane toad
  1162 | D        | Killed a cane toad
  1163 | D        | Reached skill level 15 in Unarmed Combat
  1163 | D        | Reached XP level 10. HP: 63/73 MP: 0/0
  1173 | D        | Killed a komodo dragon
  1444 | D        | Killed a komodo dragon
  1449 | D        | Killed a cane toad
  1450 | D        | Reached skill level 16 in Unarmed Combat
  1673 | D        | Noticed a komodo dragon
  1673 | D        | Noticed a death yak
  1673 | D        | Noticed a lindwurm
  1673 | D        | Noticed a five-headed hydra
  1673 | D        | Noticed a cane toad
  1680 | D        | Noticed a komodo dragon
  1683 | D        | Killed a death yak
  2060 | D        | Killed a komodo dragon
  2061 | D        | Reached skill level 1 in Armour
  2065 | D        | Killed a lindwurm
  2066 | D        | Reached skill level 10 in Dodging
  2068 | D        | Reached XP level 11. HP: 67/84 MP: 0/0
  2068 | D        | Learned a level 5 spell: Yara's Violent Unravelling
  2070 | D        | Reached skill level 17 in Unarmed Combat
  2077 | D        | Killed a five-headed hydra
  2078 | D        | Reached skill level 10 in Fighting
  2078 | D        | Reached skill level 5 in Spellcasting
  2078 | D        | Reached skill level 5 in Conjurations
  2078 | D        | Reached skill level 5 in Hexes
  2078 | D        | Reached skill level 5 in Summonings
  2078 | D        | Reached skill level 5 in Necromancy
  2078 | D        | Reached skill level 5 in Translocations
  2078 | D        | Reached skill level 5 in Transmutations
  2078 | D        | Reached skill level 5 in Fire Magic
  2078 | D        | Reached skill level 5 in Ice Magic
  2078 | D        | Reached skill level 5 in Air Magic
  2078 | D        | Reached skill level 5 in Earth Magic
  2078 | D        | Reached skill level 5 in Poison Magic
  2239 | D        | Noticed a lindwurm
  2244 | D        | Reached skill level 10 in Shapeshifting
  2254 | D        | Mangled by a tyrant leech

Illustrated notes

Levels and vault maps discovered:
D:        linesprint [early_d, line_temple, items_1, d_10, items_2, lair_1,
          lair_end, items_3, orc_1, orc_end, items_4, d_15, swamp_1, shoals_1,
          snake_1, spider_1, d_20, vaults_1, items_5, swamp_end, shoals_end,
          snake_end, spider_end, vaults_end, d_27, items_6, zot_1, zot_end,
          crypt_end, forest_end, elf_end, slime_end, tomb_end, abyss_end,
          pan_hell_end]

Skill      XL: |  1  2  3  4  5  6  7  8  9 10 11 |
---------------+----------------------------------+-----
Shapeshifting  | 4 5 6 7 8 9 10 | 10.0
Dodging        | 3 4 5 6 7 9 10 | 10.5
Unarmed Combat | 5 7 8 9 11 13 15 16 17 | 17.6
Fighting       | 2 3 4 6 9 10 | 10.3
Stealth        | 2 |  2.6
Evocations     | 1 2 |  2.1
Spellcasting   | 3 4 5 |  5.3
Conjurations   | 3 4 5 |  5.3
Hexes          | 3 4 5 |  5.3
Summonings     | 3 4 5 |  5.3
Necromancy     | 3 4 5 |  5.3
Translocations | 3 4 5 |  5.3
Transmutations | 3 4 5 |  5.3
Fire Magic     | 3 4 5 |  5.3
Ice Magic      | 3 4 5 |  5.3
Air Magic      | 3 4 5 |  5.3
Earth Magic    | 3 4 5 |  5.3
Poison Magic   | 3 4 5 |  5.3
Armour         | 2 3 |  3.4

Action                     |  1- 3 |  4- 6 |  7- 9 | 10-12 || total
---------------------------+-------+-------+-------+-------++-------
  Melee: Unarmed           |    21 |    27 |    23 |    58 ||   129
         Punch             |       |     2 |     2 |     3 ||     7
   Cast: Hailstorm         |       |       |       |    10 ||    10
 Invoke: Potion Petition   |       |       |       |     2 ||     2
  Evoke: Wand              |       |     1 |    11 |       ||    12
    Use: Potion            |     1 |       |     3 |     4 ||     8
         Scroll            |       |       |       |     2 ||     2
   Stab: Invisible         |       |     1 |     2 |     4 ||     7
 Armour: Animal skin       |    11 |     7 |     5 |    14 ||    37
         Skin              |     4 |    10 |       |       ||    14
         Leather armour    |       |       |       |    10 ||    10
  Dodge: Dodged            |     8 |     7 |    13 |    35 ||    63

Table legend: (Time is in decaauts)
 A = Elapsed time spent in this place.
 B = Non-inter-level travel time spent in this place.
 C = Inter-level travel time spent in this place.
 D = Time resting spent in this place.
 E = Time spent auto-exploring this place.
 F = Levels seen in this place.
 G = Mean time per level.
                   A        B        C        D        E       F      G
               +--------+--------+--------+--------+--------+-----+--------+
         Total |   2215 |   2002 |    213 |   1481 |      0 |   1 | 2215.0 |
       Dungeon |   2215 |   2002 |    213 |   1481 |      0 |   1 | 2215.0 |
               +--------+--------+--------+--------+--------+-----+--------+

Top non-repeatable levels by time:
       D: 2215 daAuts
